 Dungeon Crawl Stone Soup version 0.30-a0-722-g3e6e8c874d (webtiles) character file.

Game seed: 7666375043173572387

432 jasper the Stinger (level 6, -4/44 HPs)
             Began as a Demonspawn Venom Mage on Jan 27, 2023.
             Slain by an ogre
             ... wielding a +0 giant club
              (12 damage)
             ... on level 5 of the Dungeon.
             The game lasted 00:12:10 (4183 turns).

jasper the Stinger (Demonspawn Venom Mage)          Turns: 4183, Time: 00:12:10

Health: -4/44      AC:  4    Str:  9    XL:     6   Next: 67%
Magic:  3/10       EV: 12    Int: 20    God:
Gold:   206        SH:  0    Dex: 13    Spells: 3/11 levels left

rFire   . . .      SeeInvis .    i - staff of poison
rCold   . . .      Faith    .    (no shield)
rNeg    . . .      Spirit   .    a - +0 robe
rPois   +          Reflect  .    (no helmet)
rElec   .          Harm     .    (no cloak)
rCorr   .          Rampage  .    m - +0 pair of gloves
Will    .....                    h - +0 pair of boots
Stlth   ++                       (no amulet)
HPRegen 0.27/turn                (no ring)
MPRegen 0.12/turn                (no ring)

@: no status effects
A: foul stench 1, powered by death 1, big brain 1
a: no special abilities


You were on level 5 of the Dungeon.
You visited 1 branch of the dungeon, and saw 5 of its levels.

You collected 206 gold pieces.

Inventory:

Hand Weapons
 e - a +0 club
Missiles
 d - 6 atropa-tipped darts
Armour
 a - a +0 robe (worn)
 b - an orb of light
 h - a +0 pair of boots (worn)
 m - a +0 pair of gloves (worn)
Magical Staves
 i - a staff of poison (weapon)
Wands
 n - a wand of polymorph (11)
Scrolls
 j - a scroll of vulnerability
 k - a scroll of fog
 o - a scroll of summoning
Potions
 f - a potion of might


   Skills:
 + Level 1.6 Fighting
 + Level 0.1 Staves
 + Level 2.4 Dodging
 - Level 1.7 Stealth
 * Level 3.1 Spellcasting
 + Level 1.2 Conjurations
 - Level 0.8 Transmutations
 + Level 1.3 Air Magic
 - Level 6.0 Poison Magic


You had 3 spell levels left.
You knew the following spells:

 Your Spells              Type           Power      Damage    Failure   Level
a - Sting                 Tmut/Pois      100%       1d8       3%          1
b - Olgreb's Toxic Radia  Pois           40%        N/A       12%         4
c - Mephitic Cloud        Conj/Pois/Air  21%        N/A       13%         3

Your spell library contained the following spells:

 Spells                   Type           Power      Damage    Failure   Level
 Poisonous Vapours        Pois/Air       52%        N/A       4%          2
 Apportation              Tloc           6%         N/A       14%         1
 Necrotise                Necr           12%        1d4       14%         1
 Summon Small Mammal      Summ           12%        N/A       14%         1
 Ozocubu's Refrigeration  Ice            1%         4d7       100%        7
 Ignition                 Fire           1%         3d3       100%        8


Dungeon Overview and Level Annotations

Branches:
Dungeon (5/15)
 Temple: D:4-7

Altars:
Okawaru

Annotations:
D:5 Menkaure


Innate Abilities, Weirdness & Mutations

You may rarely emit foul miasma when damaged in melee.
You regenerate a little health from kills.
You have an unusually large brain. (Int +2)


Message History

A necrophage comes into view.
The adder bites you.
You close the door.
The adder completely misses you.
A quokka comes into view.
Casting: Olgreb's Toxic Radiance (quite dangerous; 12% risk of failure)
Confirm with . or Enter, or press ? or * to list all spells.
The spell is quite dangerous to miscast (12% risk of failure)!
Continue anyway?
You feel a surge of power!
You begin to radiate toxic energy.
The quokka is poisoned.
The ogre is poisoned.
The orc is poisoned.
The adder is poisoned.
You kill the quokka!
The orc looks even sicker.
The adder barely misses you. The orc barely misses you.
You now have 2/10 mp.
Okay, then.
Okay, then.
As you read the scroll of summoning, it crumbles to dust.
Really summon while emitting a toxic aura?
Okay, then.
The ogre looks even sicker.
You kill the orc!
The adder looks even sicker.
Your toxic aura wanes.
The ogre misses you. The adder barely misses you.
Something unseen opens the door.
The ogre closely misses you.
You regained 2 hp, and now have 17/44 hp.
You hit the necrophage but do no damage.
The adder barely misses you. The necrophage barely misses you.
Found 14 gold pieces.
The necrophage misses you. The adder bites you.
The adder attacks as you move away! The adder misses you.
The necrophage hits you.
* * * LOW HITPOINT WARNING * * *
Menkaure calls on the powers of darkness!
Your body is wracked with pain!
* * * LOW HITPOINT WARNING * * *
You see here 16 gold pieces.
You take 10 damage, and have 8/44 hp.
MASSIVE DAMAGE!!
The ogre completely misses you. The ogre attacks as you move away!
The ogre hits you with a +0 giant club!
You die...

...YP#)#######
....g ###.#g#
##..†..#
#...).#####.g.h.#
#######
#.)g)h.....#
#.####.#.... ####
#. #.....#
###...###.
###.###
+...$..##. #...)
#.$#.#..## #.###
#..@#.$..# #..
#.S#O#..# #..
#.n.$).# ##.#
###...## .# ###'#
.. #.# #.# #.+
#.#


You could see an ogre (poisoned), a necrophage and an adder (poisoned).

Vanquished Creatures
  A black bear (D:5)
  A gnoll sergeant (D:5)
  An orc priest (D:2)
  An iguana (D:5)
  3 orc wizards
  3 adders
  2 gnolls (D:5)
  An ufetubus (D:3)
  3 dart slugs
  3 worms
  10 orcs
  3 ball pythons
  7 endoplasms
  A giant cockroach (D:3)
  4 goblins
  9 hobgoblins
  2 jackals (D:2)
  4 kobolds
  4 quokkas
  3 bats
  11 frilled lizards
  6 rats
83 creatures vanquished.

Vanquished Creatures (others)
  8 plants
8 creatures vanquished.

Grand Total: 91 creatures vanquished

Notes
Turn   | Place    | Note
-------+----------+-------------------------------------------
     0 | D:1      | jasper the Demonspawn Venom Mage began the quest for the
                  | Orb.
     0 | D:1      | Reached XP level 1. HP: 13/13 MP: 3/3
   390 | D:1      | Gained mutation: You have an unusually large brain. (Int
                  | +2) [demonic ancestry]
   390 | D:1      | Reached XP level 2. HP: 17/19 MP: 0/5
   624 | D:1      | Found a faded altar of an unknown god.
  1254 | D:2      | Reached skill level 4 in Poison Magic
  1266 | D:2      | Reached XP level 3. HP: 22/24 MP: 1/6
  1281 | D:2      | Reached skill level 5 in Poison Magic
  1281 | D:2      | Gained mutation: You regenerate a little health from kills.
                  | [demonic ancestry]
  1281 | D:2      | Reached XP level 4. HP: 6/30 MP: 0/7
  1286 | D:2      | Learned a level 4 spell: Olgreb's Toxic Radiance
  2197 | D:2      | Identified a scroll of acquirement
  2197 | D:2      | Acquired a staff of poison
  2281 | D:3      | Found an iron altar of Okawaru.
  3042 | D:3      | Gained mutation: You may rarely emit foul miasma when
                  | damaged in melee. [demonic ancestry]
  3042 | D:3      | Reached XP level 5. HP: 35/35 MP: 6/8
  3261 | D:3      | Reached skill level 6 in Poison Magic
  3271 | D:3      | Learned a level 3 spell: Mephitic Cloud
  3602 | D:4      | Noticed a phantom
  3671 | D:5      | Entered Level 5 of the Dungeon
  3675 | D:5      | Noticed a black bear
  3690 | D:5      | Killed a black bear
  3691 | D:5      | Reached skill level 1 in Fighting
  3691 | D:5      | Reached XP level 6. HP: 43/43 MP: 1/9
  3809 | D:5      | Reached skill level 1 in Air Magic
  3810 | D:5      | Noticed an ice beast
  3811 | D:5      | Reached skill level 1 in Conjurations
  4166 | D:5      | Noticed Menkaure
  4183 | D:5      | Slain by an ogre

Illustrated notes

Levels and vault maps discovered:
D:1:      dpeg_arrival_shrine, layout_loops_cross, basic_ecumenical_altar,
          st_stairs_10, dk_noncrumbling_3, minmay_misc_feat_plants
D:2:      layout_basic, guppyfry_early_lair_pool
D:3:      layout_loops_ring, kennysheep_okawaru_gauntlet, minmay_box_of_dots
D:4:      layout_loops_cross, uniq_ijyb
D:5:      minmay_polygon_palace, layout_basic, led_sif_pool, minmay_lizard_king,
          uniq_menkaure

Skill      XL: |  1  2  3  4  5  6 |
---------------+-------------------+-----
Poison Magic   | 4 5 6 |  6.0
Fighting       | 1 |  1.6
Dodging        | 2 |  2.4
Air Magic      | 1 |  1.3
Conjurations   | 1 |  1.2
Spellcasting   | 3 |  3.1
Staves         | |  0.1
Stealth        | |  1.7
Transmutations | |  0.8

Action                     |  1- 3 |  4- 6 || total
---------------------------+-------+-------++-------
  Melee: Club              |    20 |     9 ||    29
         Staff             |       |    26 ||    26
   Cast: Sting             |    50 |    97 ||   147
         Olgreb's Toxic Ra |       |     6 ||     6
    Use: Potion            |     4 |     1 ||     5
         Scroll            |       |    12 ||    12
 Armour: Robe              |    14 |    29 ||    43
  Dodge: Dodged            |    30 |    67 ||    97

Table legend: (Time is in decaauts)
 A = Elapsed time spent in this place.
 B = Non-inter-level travel time spent in this place.
 C = Inter-level travel time spent in this place.
 D = Time resting spent in this place.
 E = Time spent auto-exploring this place.
 F = Levels seen in this place.
 G = Mean time per level.
                   A        B        C        D        E       F      G
               +--------+--------+--------+--------+--------+-----+--------+
         Total |   4198 |   4054 |    144 |    220 |   3034 |   5 |  839.6 |
       Dungeon |   4198 |   4054 |    144 |    220 |   3034 |   5 |  839.6 |
               +--------+--------+--------+--------+--------+-----+--------+

Top non-repeatable levels by time:
     D:3: 1377 daAuts
     D:2: 1185 daAuts
     D:1: 1176 daAuts
     D:4: 239 daAuts
     D:5: 220 daAuts
